 Dungeon Crawl Stone Soup version 0.26-a0-597-gb535b0901c (webtiles) character file.

Game seed: 9367156896341570021

602 Ge0ff the Spear-Bearer (level 7, -6/57 HPs)
             Began as a Purple Draconian Abyssal Knight on Aug 26, 2020.
             Was a Priest of Lugonu.
             Shot with an arrow by a centaur (10 damage)
             ... on level 5 of the Dungeon.
             The game lasted 00:06:25 (4513 turns).

Ge0ff the Spear-Bearer (DrAK)                       Turns: 4513, Time: 00:06:25

Health: -6/57      AC:  7    Str: 15    XL:     7   Next: 18%
Magic:  8/8        EV: 12    Int: 12    God:    Lugonu [***...]
Gold:   151        SH:  0    Dex: 12    Spells: 6/6 levels left

rFire    . . .     SeeInvis .   S - +0 trident
rCold    + . .     Faith    .   (no shield)
rNeg     . . .     Spirit   .   (armour unavailable)
rPois    .         Reflect  .   (helmet restricted)
rElec    .         Harm     .   (no cloak)
rCorr    .                      (no gloves)
MR       +....                  h - +0 pair of boots
Stlth    +.........             W - amulet of magic regeneration
HPRegen  0.19/turn              n - ring of protection from cold
MPRegen  0.36/turn              (no ring)

@: no status effects
A: breathe power, unfitting armour, cold-blooded, AC +6
a: Breathe Dispelling Energy, Depart the Abyss, Bend Space, Banish, Renounce
Religion


You were on level 5 of the Dungeon.
You worshipped Lugonu.
Lugonu was most pleased with you.
You visited 1 branch of the dungeon, and saw 5 of its levels.
You visited the Abyss 1 time.

You collected 151 gold pieces.

Inventory:

Hand Weapons
 a - a +1 spear
 Q - a cursed +0 trident
 S - a +0 trident (weapon)
Missiles
 c - 126 stones
 g - 13 sling bullets
 l - 35 poisoned darts (quivered)
 N - 9 boomerangs
 X - 3 atropa-tipped darts
Armour
 h - a +0 pair of boots (worn)
 V - a +0 tower shield
Jewellery
 n - a ring of protection from cold (left hand)
 W - an amulet of magic regeneration (around neck)
Scrolls
 f - 4 scrolls of identify {unknown}
 k - a scroll of enchant armour {unknown}
 m - a scroll of fear {unknown}
 o - 2 scrolls of teleportation {unknown}
 p - a scroll of immolation {unknown}
 C - 4 scrolls of remove curse
 O - 2 scrolls of fog {unknown}
 P - a scroll of random uselessness {unknown}
 U - a scroll of magic mapping {unknown}
Potions
 e - a potion of haste {unknown}
 i - a potion of invisibility {unknown}
 j - 2 potions of brilliance {unknown}
 q - 2 potions of curing
 r - 2 potions of mutation {unknown}
 M - a potion of might
 R - 3 potions of stabbing {unknown}
 T - a potion of ambrosia {unknown}


   Skills:
 - Level 3.2 Fighting
 + Level 8.0 Polearms
 - Level 2.1 Dodging
 - Level 2.0 Invocations


You had 6 spell levels left.
You didn't know any spells.
Your spell library was empty.

Dungeon Overview and Level Annotations

Branches:
Dungeon (5/15)             Temple (0/1) D:5

Altars:
Gozag
Sif Muna
Xom


Innate Abilities, Weirdness & Mutations

You can breathe bolts of dispelling energy.
Your rich purple scales are hard. (AC +6)
You cannot fit into any form of body armour.
You are cold-blooded and may be slowed by cold attacks.


Message History

Anything else - Cancel.
You shout for attention!
The centaur shouts!
The centaur wields a +0 shortbow.
The centaur shoots an arrow.
The arrow hits you. The adder bites you. x2
The adder bites you but does no damage.
The centaur shoots an arrow.
The arrow hits you!!
* * * LOW HITPOINT WARNING * * *
The adder closely misses you. The adder bites you but does no damage.
The centaur shoots an arrow.
The arrow barely misses you.
The arrow misses the adder.
You see here an arrow.
The centaur shoots an arrow.
The arrow hits you.
* * * LOW HITPOINT WARNING * * *
The adder bites you but does no damage.
The centaur unwields a +0 shortbow.
The centaur closely misses you. The ogre closely misses you.
The adder barely misses you.
You see here an arrow.
You closely miss the adder. The adder closely misses you.
The centaur shoots an arrow.
The arrow hits you!
You die...

.### ...## #.#.# #
#.#.## #.#....## #.
#.#.....# #.#
#.##...(...# #..#
#..c...SS.(# #...##
#.#####@O..# #.....
##c#.# #.#... #.#.#
#..#.# #.#.# #...>.
..#.########..#.#
####.#.(........#..!
...O....(..<........
.....##.#####.#.###.
####. #.. ..#..# ##


You could see an ogre, 2 centaurs and 2 adders.

Vanquished Creatures
  3 scorpions
  3 crimson imps (D:4)
  A jelly (Abyss:1)
  3 orc priests (D:2)
  2 orc wizards (D:2)
  A worker ant (D:4)
  4 adders
  2 oozes
  A worm (D:4)
  3 dart slugs
  A leopard gecko (D:2)
  18 orcs
  12 bats
  7 giant cockroaches
  5 goblins
  4 hobgoblins
  4 jackals (D:4)
  2 quokkas (D:3)
  A ball python (D:2)
  7 frilled lizards
  6 kobolds
  4 rats
94 creatures vanquished.

Notes
Turn   | Place    | Note
-------+----------+-------------------------------------------
     0 | Abyss:1  | Ge0ff the Draconian Abyssal Knight began the quest for the
                  | Orb.
     0 | Abyss:1  | Reached XP level 1. HP: 19/19 MP: 2/2
    52 | Abyss:1  | Noticed a jelly
    62 | Abyss:1  | Killed a jelly
    62 | Abyss:1  | Reached skill level 3 in Polearms
    62 | Abyss:1  | Reached XP level 2. HP: 17/26 MP: 3/3
    62 | Abyss:1  | Reached XP level 3. HP: 20/31 MP: 4/4
    64 | D:1      | Escaped the Abyss
   599 | D:1      | Reached skill level 4 in Polearms
  1041 | D:2      | Reached ** piety under Lugonu
  1084 | D:2      | Found an opulent altar of Gozag.
  1238 | D:2      | Reached XP level 4. HP: 37/38 MP: 5/5
  1438 | D:2      | Reached skill level 5 in Polearms
  1441 | D:2      | Reached XP level 5. HP: 15/45 MP: 6/6
  2579 | D:2      | Reached skill level 6 in Polearms
  3000 | D:3      | Reached XP level 6. HP: 30/51 MP: 7/7
  3580 | D:3      | Reached *** piety under Lugonu
  3726 | D:4      | Reached skill level 7 in Polearms
  4149 | D:4      | Found a shimmering blue altar of Sif Muna.
  4283 | D:4      | Found a shimmering altar of Xom.
  4325 | D:4      | Your scales start taking on a rich purple colour.
  4325 | D:4      | Reached XP level 7. HP: 43/57 MP: 8/8
  4451 | D:4      | Reached skill level 8 in Polearms
  4480 | D:5      | Entered Level 5 of the Dungeon
  4480 | D:5      | Found a staircase to the Ecumenical Temple.
  4513 | D:5      | Shot with an arrow by a centaur

Illustrated notes

Levels and vault maps discovered:
D:1:      sevenhm_arrival_forest_fort_small_6, layout_basic, minivault_24
D:2:      layout_loops_corners, nicolae_gozag_seed_capital
D:3:      layout_rooms
D:4:      layout_gridville, marbit_many_paths, led_xom_imps, uniq_robin
D:5:      minmay_evil_eye, layout_loops_ring,
          chequers_temple_overflow_statue_of_worship,
          minmay_temple_entry_crystal_x, minmay_misc_feat_enclosed

Skill      XL: |  1  2  3  4  5  6  7 |
---------------+----------------------+-----
Polearms       | 3 4 5 6 7 8 |  8.0
Fighting       | |  3.2
Dodging        | |  2.1
Invocations    | |  2.0

Action                   |  1- 3 |  4- 6 |  7- 9 || total
-------------------------+-------+-------+-------++-------
Melee: Spear             |    97 |    87 |       ||   184
       Tailslap          |     3 |    12 |     1 ||    16
       Trident           |       |   133 |    13 ||   146
Throw: Stone             |    20 |    15 |       ||    35
       Dart              |       |    93 |     3 ||    96
       Boomerang         |       |     2 |       ||     2
  Use: Potion            |       |     3 |       ||     3
       Scroll            |       |       |     1 ||     1
 Stab: Sleeping          |       |     1 |       ||     1
Armor: Skin              |    14 |    56 |    11 ||    81
Dodge: Dodged            |    40 |    93 |    20 ||   153

Table legend: (Time is in decaauts)
 A = Elapsed time spent in this place.
 B = Non-inter-level travel time spent in this place.
 C = Inter-level travel time spent in this place.
 D = Time resting spent in this place.
 E = Time spent auto-exploring this place.
 F = Levels seen in this place.
 G = Mean time per level.
                   A        B        C        D        E       F      G
               +--------+--------+--------+--------+--------+-----+--------+
         Total |   4491 |   4372 |    119 |      0 |   3352 |   6 |  748.5 |
       Dungeon |   4427 |   4308 |    119 |      0 |   3352 |   5 |  885.4 |
         Abyss |     64 |     64 |      0 |      0 |      0 |   1 |   64.0 |
               +--------+--------+--------+--------+--------+-----+--------+

Top non-repeatable levels by time:
     D:2: 1578 daAuts
     D:3: 1143 daAuts
     D:1: 893 daAuts
     D:4: 779 daAuts
 Abyss:1: 64 daAuts
     D:5: 32 daAuts
